Map: Cyber Forest LE

Players

Harstem - Winner!

  • Race: Protoss Protoss
  • Spawn Location: 11:00

Losting

  • Race: Protoss Protoss
  • Spawn Location: 5:00

Event: 2019 WCS Spring

VOD

Have the link to the VOD?

Description

Time

  • Played on: May 17, 2019, 6:33 a.m.
  • Length: 7:42

All games in this series

Show
View Real Time Build Order
Export as new Build Order

Harstem Protoss - Winner!

Build Orders:  

Get SALT Encoding   

  12  0:01  Probe  
  13  0:13  Probe  
  14  0:19  Pylon  
  14  0:25  Probe  
  15  0:34  Probe  
  15  0:38  Gateway  
  16  0:42  Probe  
  16  0:48  Assimilator  
  17  0:52  Assimilator  
  17  0:53  Probe  
  18  1:05  Probe  
  19  1:15  Gateway  
  19  1:17  Probe  
  20  1:25  Cybernetics Core  
  20  1:28  Probe  
  21  1:35  Pylon  
  21  1:36  Probe  
  21  1:44  Probe  
  23  1:55  Probe  
  24  2:03  Stalker, Sentry  
  24  2:06  Warp Gate  
  28  2:12  Pylon  
  28  2:29  Stalker  
  30  2:31  Pylon  
  30  2:37  Stalker  
  32  2:46  Robotics Facility  
  32  3:07  Probe  
  32  3:08  Pylon  
  33  3:19  Probe  
  34  3:27  Immortal  
  34  3:32  Probe  
  37  3:50  Nexus  
  37  3:52  Shield Battery  
  37  3:56  Adept x2  
  41  4:03  Immortal  
  41  4:10  Oracle  
  45  4:22  Probe, Pylon  
  46  4:30  Immortal  
  46  4:43  Sentry  
  52  4:48  Probe  
  53  4:58  Pylon  
  53  5:00  Probe  
  53  5:02  Probe  
  55  5:11  Warp Prism  
  55  5:12  Probe  
  57  5:26  Gateway  
  57  5:27  Gateway  
  58  5:29  Sentry  
  58  5:30  Sentry  
  58  5:31  Probe  
  63  5:41  Pylon  
  65  5:51  Shield Battery  
  65  5:56  Zealot x2, Shield Battery  
  67  5:58  Shield Battery  
  67  5:59  Observer  
  67  6:09  Probe  
  69  6:11  Probe  
  69  6:16  Stalker x2  
  74  6:22  Probe  
  75  6:25  Zealot x2  
  79  6:35  Probe  
  79  6:36  Probe  
  79  6:38  Immortal  
  82  6:45  Zealot  
  83  6:52  Pylon  
  83  6:56  Pylon  
  83  7:01  Pylon  
  83  7:03  Sentry  
  83  7:06  Pylon  
  85  7:10  Sentry x2  
  85  7:12  Sentry  
  85  7:14  Probe x2  
Show
View Real Time Build Order
Export as new Build Order

Losting Protoss 

Build Orders:  

Get SALT Encoding   

  12  0:00  Probe  
  13  0:13  Probe  
  14  0:22  Pylon  
  14  0:25  Probe  
  15  0:41  Probe, Gateway  
  15  0:49  Probe  
  16  0:56  Pylon  
  17  0:59  Probe  
  18  1:11  Assimilator  
  18  1:15  Probe  
  18  1:17  Assimilator  
  19  1:25  Gateway  
  19  1:27  Probe  
  19  1:31  Cybernetics Core  
  20  1:39  Probe  
  21  1:44  Pylon  
  21  1:51  Probe  
  22  2:03  Probe  
  22  2:07  Robotics Facility  
  23  2:09  Stalker  
  26  2:15  Probe  
  26  2:19  Stalker  
  28  2:25  Warp Gate  
  28  2:29  Pylon  
  28  2:32  Pylon  
  28  2:47  Stalker  
  29  3:05  Pylon  
  33  3:31  Stalker x2  
  33  3:32  Pylon  
  33  3:33  Pylon  
  35  3:39  Twilight Council  
  34  3:42  Pylon  
  34  4:06  Gateway  
  34  4:09  Robotics Facility  
  30  4:19  Stalker x2  
  34  4:25  Charge  
  34  4:30  Gateway  
  34  4:44  Sentry  
  36  4:45  Pylon  
  36  4:50  Sentry, Warp Prism  
  38  4:57  Gateway  
  40  5:25  Zealot x4  
  48  5:50  Zealot x2  
  48  5:51  Zealot  
  48  5:55  Pylon  
  54  5:57  Pylon  
  54  6:24  Zealot x4  
  52  6:34  Warp Prism  
  26  6:47  Dark Shrine  
  24  7:06  Zealot x4  
  32  7:36  Zealot x4  
Tags
 
Add a new tag
Caveats
  • Supply blocks, unpowered buildings, or Contaminate may cause inaccurate times.
  • Supply counts are checked every 10 seconds.